AoeStats
← Mknolix

Black Forest

510009859Analyzed
4v4 RM · 5d ago on Sep 29, 2026· 54m 48s· 8 players
Game mode
Random Map
Map size
Large (8 player)
Population
200
Speed
Normal
Resources
Standard
Victory
Conquest
Starting age
Dark Age
Ending age
Imperial Age
RankedLock teamsTeams togetherTeam positionsShared explorationLock speedFull tech treeHidden civsTurbo modeCheats
Victory
Defeat
🇦🇷 Mongols · Argentina
1120
+14
🇦🇷 Bengalis · Argentina
1106
+15
🇺🇸 Burmese · United States
1082
+16
🇦🇷 Saracens · Argentina
1071
+16
🇩🇪 Spanish · Germany
1113
-16
🇺🇸 Bohemians · United States
1069
-15
🇩🇴 Romans · Dominican Republic
1069
-15
🇺🇸 Romans · United States
1063
-15
Lord Tay
1:14 Loom
13:23 Feudal Age
14:13 Town Watch
15:04 Wheelbarrow
18:48 Horse Collar
21:09 Castle Age
20:53 Forging
20:44 Scale Mail Armor
20:52 Man-at-Arms
21:18 Arson
22:37 Town Patrol
26:02 Redemption
26:13 Sanctity
26:04 Fervor
25:49 Gold Mining
27:08 Squires
31:54 Heavy Plow
36:35 Imperial Age
34:49 Hand Cart
34:20 Pikeman
36:20 Long Swordsman
36:45 Gambesons
36:45 Halberdier
37:08 Two-Handed Swordsman
37:24 Capped Ram
38:31 Block Printing
38:43 Illumination
38:55 Theocracy
38:44 Champion
42:43 Chain Mail Armor
43:10 Iron Casting
46:51 Blast Furnace
Alato
11:20 Feudal Age
12:51 Double-Bit Axe
12:49 Horse Collar
13:51 Padded Archer Armor
13:41 Fletching
23:14 Castle Age
22:33 Gold Mining
23:23 Crossbowman
24:10 Thumb Ring
24:43 Wheelbarrow
24:13 Bodkin Arrow
24:39 Leather Archer Armor
26:46 Ballistics
28:34 Thumb Ring
31:21 Imperial Age
29:27 Wheelbarrow
29:32 Thumb Ring
31:39 Wheelbarrow
31:28 Arbalester
33:45 Chemistry
39:14 Hand Cart
38:45 Loom
40:01 Heavy Plow
41:49 Husbandry
41:59 Bloodlines
41:46 Stone Mining
42:32 Gold Shaft Mining
43:48 Forging
43:44 Scale Barding Armor
44:50 Masonry
44:46 Siege Engineers
45:14 Bow Saw
45:31 Conscription
44:48 Elite Mameluke
49:31 Chain Barding Armor
49:47 Iron Casting
51:37 Plate Barding Armor
Mknolix
0:31 Loom
17:46 Feudal Age
18:11 Double-Bit Axe
20:36 Horse Collar
27:28 Castle Age
26:51 Wheelbarrow
27:09 Bloodlines
29:31 Husbandry
29:53 Scale Barding Armor
29:43 Light Cavalry
32:00 Forging
35:16 Chain Barding Armor
35:40 Fervor
38:10 Sanctity
37:54 Devotion
38:24 Bow Saw
39:57 Heavy Plow
40:11 Gold Mining
41:36 Masonry
42:18 Redemption
44:51 Imperial Age
43:42 Iron Casting
43:37 Paiks
45:11 Elite Battle Elephant
46:28 Plate Barding Armor
46:49 Hand Cart
47:32 Conscription
48:39 Blast Furnace
49:38 Theocracy
51:26 Block Printing
51:47 Town Watch
54:01 Crop Rotation
54:31 Two-Man Saw
54:26 Heavy Scorpion
TheDuff_KøK
10:41 Feudal Age
11:17 Double-Bit Axe
11:12 Horse Collar
14:14 Castle Age
14:12 Wheelbarrow
13:22 Loom
15:29 Heavy Plow
16:04 Bow Saw
23:34 Hand Cart
23:05 Town Watch
24:56 Gold Mining
25:14 Scale Barding Armor
25:09 Scale Mail Armor
25:19 Forging
25:00 Fletching
30:52 Imperial Age
29:13 Bloodlines
29:04 Husbandry
29:02 Murder Holes
29:29 Masonry
29:38 Thumb Ring
31:55 Conscription
31:18 Onager
31:21 Capped Ram
31:34 Light Cavalry
32:46 Chain Barding Armor
33:19 Gold Shaft Mining
32:36 Stone Mining
34:04 Siege Onager
34:46 Fletching
34:57 Padded Archer Armor
36:32 Elite Mangudai
41:29 Chemistry
40:50 Ballistics
40:04 Hussar
41:00 Chain Mail Armor
40:40 Bodkin Arrow
41:01 Leather Archer Armor
41:22 Iron Casting
43:21 Siege Ram
44:49 Plate Mail Armor
44:19 Bracer
45:20 Blast Furnace
44:36 Siege Engineers
46:50 Drill
NY-Radamantiz
0:27 Loom
11:59 Feudal Age
12:46 Double-Bit Axe
12:58 Horse Collar
15:25 Castle Age
16:59 Heavy Plow
26:52 Bow Saw
29:50 Pikeman
32:06 Squires
34:01 Scale Mail Armor
34:13 Forging
35:28 Wheelbarrow
40:19 Imperial Age
38:23 Fervor
38:40 Chain Mail Armor
39:00 Iron Casting
40:12 Chemistry
39:09 Arson
41:20 Siege Engineers
40:40 Halberdier
42:00 Plate Mail Armor
42:21 Houfnice
44:20 Blast Furnace
NY-HENRY
0:27 Loom
12:17 Feudal Age
17:21 Castle Age
17:48 Wheelbarrow
17:10 Double-Bit Axe
28:20 Forging
28:17 Scale Barding Armor
29:37 Iron Casting
29:53 Bloodlines
29:43 Husbandry
30:28 Chain Barding Armor
adriel.fe1123
0:29 Loom
32:26 Feudal Age
haspirits
5:44 Loom
13:06 Feudal Age
14:38 Wheelbarrow
13:54 Double-Bit Axe
13:56 Horse Collar
17:27 Castle Age
18:37 Heavy Plow
18:55 Bow Saw
25:12 Town Watch
25:51 Hand Cart
27:20 Fletching
28:15 Town Patrol
31:27 Imperial Age
29:11 Scale Barding Armor
29:17 Forging
29:19 Husbandry
29:16 Pikeman
30:10 Bloodlines
30:44 Chain Barding Armor
31:30 Cavalier
33:35 Two-Man Saw
33:40 Chemistry
34:02 Plate Barding Armor
34:15 Paladin
35:20 Bombard Tower
36:17 Iron Casting
35:37 Bodkin Arrow
36:21 Halberdier
38:31 Squires
38:46 Elite Skirmisher
39:33 Thumb Ring
39:53 Ballistics
41:38 Bracer
41:38 Scale Mail Armor
41:39 Padded Archer Armor
42:39 Blast Furnace
42:03 Light Cavalry
46:40 Hussar
Connection lost

Rejoining the realm…

Still unreachable

The connection could not be restored.

Session expired

The server has moved on; the page needs a fresh start.